 Seeded DCSS version 0.30-a0-845-g7c6808c8ce (webtiles) character file.

Game seed: 3069558526293270549 (custom seed)

24375 bmack86 the Severer (level 12, -3/118 HPs)
             Began as a Minotaur Fighter on Mar 2, 2023.
             Was the Champion of Okawaru.
             Slain by a fire crab (7 damage)
             ... on level 1 of the Lair of Beasts.
             The game lasted 00:31:26 (11852 turns).

bmack86 the Severer (Minotaur Fighter)             Turns: 11852, Time: 00:31:26

Health: -3/118     AC: 20    Str: 25    XL:     12   Next: 80%
Magic:  16/16      EV:  7    Int:  5    God:    Okawaru [******]
Gold:   1092       SH: 10    Dex:  7    Spells: 11/11 levels left

rFire   + . .      SeeInvis .    N - +5 broad axe (freeze)
rCold   . . .      Faith    +    l - +0 kite shield
rNeg    + . .      Spirit   .    L - +1 chain mail {rF+}
rPois   .          Reflect  .    (helmet restricted)
rElec   +          Rampage  +    i - +1 cloak
rCorr   .                        R - +1 pair of gloves of Echiruw {rElec rN+}
Will    .....                    m - +1 pair of boots "Ejor" {Rampage Fly Dex-4} Stlth
                                 f - amulet of faith
HPRegen 0.39/turn                (no ring)
MPRegen 0.15/turn                (no ring)

@: flying, studying Fighting
A: horns 2, retaliatory headbutt
a: Renounce Religion, Heroism, Finesse, Duel


You were on level 1 of the Lair of Beasts.
You worshipped Okawaru.
Okawaru was exalted by your worship.
You visited 3 branches of the dungeon, and saw 14 of its levels.
You also visited: Volcano.

You collected 1164 gold pieces.
You spent 72 gold pieces at shops.

Inventory:

Hand Weapons
 a - a +1 spectral war axe
 w - the +6 hand axe of the Tired Moons {elec, Drain rPois rCorr Dex+3}
   (You found it on level 5 of the Dungeon)

   Dex:       It affects your dexterity (+3).
   rPois:     It protects you from poison.
   rCorr:     It protects you from acid and corrosion.
   Drain:     It drains your maximum health when unequipped.
 I - the +9 staff of Olgreb {rPois∞}
   (You found it on level 8 of the Dungeon)

   It enhances your poison magic.
   It grants immunity to poison.
   It can be activated via the 'a'bility menu to radiate toxic energy, with
   effectiveness depending on Evocations skill.
 N - a +5 broad axe of freezing (weapon)
Missiles
 o - 44 poisoned darts
 s - 15 boomerangs (quivered)
 z - a javelin
Armour
 i - a +1 cloak (worn)
 l - a +0 kite shield (worn)
 m - the +1 pair of boots "Ejor" (worn) {Rampage Fly Dex-4}
   (Okawaru gifted it to you on level 9 of the Dungeon)

   Dex:       It affects your dexterity (-4).
   Fly:       It grants you flight.
   Rampage:   It bestows one free step when moving towards enemies.
 n - a +0 pair of gloves
 E - the +1 crystal plate armour of Kulemuokk {Harm Will++ Slay+3 Stlth-}
   (You found it on level 6 of the Dungeon)

   Slay:      It affects your accuracy & damage with ranged weapons and melee
   (+3).
   Harm:      It increases damage dealt and taken.
   Will:      It greatly increases your willpower.
   Stlth:     It makes you less stealthy.
 G - a +0 pair of boots
 L - a +1 chain mail of fire resistance (worn)
 R - the +1 pair of gloves of Echiruw (worn) {rElec rN+}
   (You found it in a volcano)

   rElec:     It insulates you from electricity.
   rN:        It protects you from negative energy.
Jewellery
 f - an amulet of faith (around neck)
 u - a ring of ice
 y - a ring of flight
Wands
 v - a wand of flame (56)
 A - a wand of paralysis (21)
 B - a wand of mindburst (15)
 K - a wand of roots (13)
Scrolls
 h - 3 scrolls of blinking
 j - 4 scrolls of butterflies
 k - 3 scrolls of vulnerability
 q - 6 scrolls of fog
 r - 3 scrolls of silence
 t - 3 scrolls of magic mapping
 x - 6 scrolls of teleportation
 C - 4 scrolls of immolation
 P - a scroll of torment
 Q - a scroll of enchant armour
Potions
 b - 3 potions of heal wounds
 c - 2 potions of berserk rage
 d - 5 potions of might
 e - 9 potions of curing
 g - 6 potions of haste
 p - a potion of flight
 D - a potion of ambrosia
 F - 3 potions of mutation
 H - 2 potions of invisibility
 J - 2 potions of resistance
 M - a potion of magic
 O - a potion of lignification {unknown}


   Skills:
 + Level 14.4 Fighting
 * Level 17.4 Axes
 + Level 8.2 Throwing
 + Level 10.8 Armour
 + Level 10.7 Shields
 + Level 7.6 Invocations


You had 11 spell levels left.
You didn't know any spells.
Your spell library contained the following spells:

 Spells                   Type           Power      Damage    Failure   Level
 Foxfire                  Conj/Fire      0%         2x1d4     99%         1
 Sting                    Tmut/Pois      0%         1d3       99%         1
 Poisonous Vapours        Pois/Air       0%         N/A       100%        2
 Olgreb's Toxic Radiance  Pois           0%         N/A       100%        4
 Fireball                 Conj/Fire      0%         3d3       100%        5
 Starburst                Conj/Fire      0%         6d3       100%        6


Dungeon Overview and Level Annotations

Branches:
Dungeon (11/15)            Temple (1/1) D:4            Lair (2/5) D:11
  Swamp (0/4) Lair:2          Orc (0/2) D:9         Volcano (visited)
  Snake: Lair:2-3    Spider: Lair:2-3

Altars:
Ashenzari
Cheibriados
Dithmenos
Elyvilon
Fedhas
Gozag
Hepliaklqana
Kikubaaqudgha
Makhleb
Nemelex Xobeh
Okawaru
Qazlal
Sif Muna
Trog
Uskayaw
Vehumet
Wu Jian
Xom
Yredelemnul
Zin
The Shining One

Shops:
D:1 !=:*[   D:2 ?   D:3 ?   D:5 [

Annotations:
D:8 1 runed translucent door
Lair:1 1 transporter


Innate Abilities, Weirdness & Mutations

You have a pair of horns on your head.
You reflexively headbutt those who attack you in melee.


Message History

* * * LOW HITPOINT WARNING * * *
You block the fire crab's attack.
You chop the fire crab into pieces!!! You freeze the fire crab.
You kill the fire crab!
Okawaru accepts your kill.
You hit the fire crab. You freeze the fire crab.
You hit the fire crab but do no damage. You slash the fire bat!
You freeze the fire bat!
You kill the fire bat!
Okawaru accepts your kill. You block the fire crab's attack. x2
The fire crab breathes flames at you.
The blast of flame engulfs you but does no damage.
The hell hound completely misses you.
You slash the hell hound! You freeze the hell hound!
The hell hound is severely wounded.
You barely miss the fire crab. You hit the fire crab but do no damage.
You are engulfed in blazing flames.
You resist.
* * * LOW HITPOINT WARNING * * *
The hell hound bites you but does no damage.
You block the fire crab's attack.
The fire crab claws you but does no damage.
The fire crab bites you but does no damage.
The fire crab barely misses you.
You slice the hell hound!! You freeze the hell hound.
You kill the hell hound!
Okawaru accepts your kill.
You hit the fire crab. You freeze the fire crab.
You kill the fire crab!
Okawaru accepts your kill.
You barely miss the fire crab.
You are engulfed in blazing flames.
You resist.
* * * LOW HITPOINT WARNING * * *
The fire crab closely misses you. You furiously retaliate!
You headbutt the fire crab! You block the fire crab's attack.
You are engulfed in blazing flames.
You resist.
* * * LOW HITPOINT WARNING * * *
The fire crab barely misses you. You furiously retaliate!
You headbutt the fire crab, but do no damage.
The fire crab claws you!
You die...

......### #P.........# #. ......#
##..©.###..# ##. ......#
#########..# #.. ..>...##
####○.☼☼°.☼#..# ### ###.
.......###P##°○☼°.°☼#..###.###.#.
............#○°#©#○°#............
............#°○.°°○☼#............
............#°°#t#○☼##.#..P###...
............#○°○@.°°####..## #..#
...........####°○○######..####..#
...........#.○°°☼○°☼°#.#..#.##..#
#P##......>#.°○○°○☼°°#...........
####.......#°☼°○○○°○°#...........
##...###.#°○○[)[°°°#...........
#...###P.#○☼°$©[°°°#...........
####..####.###########...........
......##.#...#..©.# #...........


You could see a fire crab.

Vanquished Creatures
  Erolcha (D:9)
  An ogre mage (Volcano)
  4 two-headed ogres
  2 boulder beetles
  A hell knight (Volcano)
  2 fire crabs (Lair:1)
  Pikel (D:4)
  An obsidian statue (Volcano)
  A manticore (D:11)
  A black mamba (Lair:2)
  Joseph (D:8)
  A gargoyle (D:10)
  4 cane toads
  An unseen horror (D:11)
  2 komodo dragons (Lair:1)
  A rime drake (Lair:1)
  Maggie (D:7)
  A troll (D:11)
  Prince Ribbit (D:7)
  A hornet (D:9)
  2 vampires (D:11)
  A wyvern (D:9)
  22 yaks
  Eustachio (D:6)
  A wraith (D:10)
  8 fire bats
  Grum (D:9)
  2 redbacks (D:8)
  A basilisk (Lair:1)
  2 vampire mosquitoes (D:10)
  Menkaure (D:6)
  A hell hound (Lair:1)
  An acid dragon (D:11)
  Duvessa (D:7)
  6 water moccasins
  An ice beast (D:7)
  A swamp drake (D:9)
  5 orc warriors (D:9)
  A sky beast (D:7)
  2 ogres (D:7)
  2 black bears
  3 wolves (D:9)
  2 centaurs
  2 lemures (D:4)
  A phantom (D:4)
  9 bullfrogs
  3 kobold brigands
  A gnoll sergeant (D:7)
  10 scorpions
  15 wights
  18 killer bees
  Dowan (D:7)
  2 electric eels (D:11)
  3 howler monkeys (D:10)
  5 lava snakes (Volcano)
  9 hounds
  2 orc priests
  A sleepcap (D:6)
  4 iguanas
  15 orc wizards
  6 adders
  A shadow imp (D:7)
  2 white imps
  2 worms
  4 dart slugs
  36 orcs
  7 bats
  7 endoplasms
  3 giant cockroaches
  6 goblins
  5 hobgoblins
  9 jackals
  20 kobolds
  4 quokkas
  7 ball pythons
  4 frilled lizards
  13 rats
334 creatures vanquished.

Vanquished Creatures (others)
  A wizard (D:10)
  7 fungi
  A plant (Lair:2)
  6 toadstools (D:7)
15 creatures vanquished.

Grand Total: 349 creatures vanquished

Notes
Turn   | Place    | Note
-------+----------+-------------------------------------------
     0 | D:1      | bmack86 the Minotaur Fighter began the quest for the Orb.
     0 | D:1      | Reached XP level 1. HP: 19/19 MP: 0/0
    53 | D:1      | Found Koidd's Antique Armour Shoppe.
    83 | D:1      | Reached XP level 2. HP: 24/27 MP: 1/1
   121 | D:1      | Reached skill level 3 in Axes
   289 | D:1      | Found a faded altar of an unknown god.
   409 | D:1      | Found Lehu Gicw's General Store.
   429 | D:1      | Reached XP level 3. HP: 26/33 MP: 2/2
   478 | D:1      | Found Ijeolosu's Book Emporium.
   484 | D:1      | Found Paetse's Jewellery Boutique.
   500 | D:1      | Found Janieh's Distillery.
   668 | D:1      | Identified a scroll of acquirement
   668 | D:1      | Acquired a manual of Fighting
  1031 | D:2      | Found Piett's Magic Scroll Shop.
  1428 | D:2      | Reached XP level 4. HP: 39/40 MP: 3/3
  1807 | D:3      | Found Gepo's Magic Scroll Shoppe.
  1813 | D:3      | Bought a scroll of identify for 24 gold pieces
  1813 | D:3      | Bought a scroll of identify for 24 gold pieces
  1813 | D:3      | Bought a scroll of identify for 24 gold pieces
  1990 | D:3      | Found a radiant altar of Vehumet.
  2005 | D:3      | Reached skill level 4 in Axes
  2273 | D:4      | Found a sparkling altar of Nemelex Xobeh.
  2328 | D:4      | Noticed a phantom
  2331 | D:4      | Killed a phantom
  2332 | D:4      | Reached skill level 5 in Fighting
  2332 | D:4      | Reached skill level 1 in Throwing
  2332 | D:4      | Reached XP level 5. HP: 48/48 MP: 4/4
  2360 | D:4      | Found a shadowy altar of Dithmenos.
  2362 | D:4      | Noticed a lemure
  2373 | D:4      | Noticed a lemure
  2377 | D:4      | Noticed Pikel
  2377 | D:4      | Noticed a lemure
  2377 | D:4      | Killed a lemure
  2380 | D:4      | Killed a lemure
  2380 | D:4      | Noticed a lemure
  2386 | D:4      | Killed Pikel
  2387 | D:4      | Reached skill level 6 in Axes
  2387 | D:4      | Reached skill level 5 in Armour
  2387 | D:4      | Reached skill level 5 in Shields
  2387 | D:4      | Reached XP level 6. HP: 39/58 MP: 5/5
  2387 | D:4      | Reached XP level 7. HP: 43/64 MP: 6/6
  2681 | D:4      | Found a staircase to the Ecumenical Temple.
  2694 | Temple   | Entered the Ecumenical Temple
  2787 | Temple   | Became a worshipper of Warmaster Okawaru
  3009 | D:4      | Acquired a manual of Axes
  3221 | D:5      | Entered Level 5 of the Dungeon
  3233 | D:5      | Found Hushrieh's Armour Emporium.
  3244 | D:5      | Identified the +6 hand axe of the Tired Moons {elec, Drain
                  | rPois rCorr Dex+3}
  3265 | D:5      | Found a shimmering blue altar of Sif Muna.
  3344 | D:5      | Reached skill level 7 in Axes
  3389 | D:5      | Found a snail-covered altar of Cheibriados.
  3442 | D:5      | Reached skill level 1 in Invocations
  3442 | D:5      | Reached XP level 8. HP: 73/73 MP: 7/7
  3505 | D:5      | You fall into a shaft and drop 1 floor!
  3715 | D:6      | Reached skill level 8 in Axes
  3821 | D:6      | Reached * piety under Okawaru
  4441 | D:6      | Identified the +1 crystal plate armour of Kulemuokk {Harm
                  | Will++ Slay+3 Stlth-}
  4488 | D:6      | Noticed Eustachio
  4513 | D:6      | Killed Eustachio
  4514 | D:6      | Reached skill level 9 in Axes
  4613 | D:6      | Noticed Menkaure
  4620 | D:6      | Killed Menkaure
  4631 | D:6      | Reached ** piety under Okawaru
  4632 | D:6      | Reached XP level 9. HP: 61/82 MP: 8/10
  4990 | D:6      | Reached skill level 10 in Axes
  5287 | D:6      | Found a shimmering altar of Xom.
  5368 | D:7      | Noticed Duvessa
  5369 | D:7      | Noticed Prince Ribbit
  5369 | D:7      | Noticed Dowan
  5379 | D:7      | Killed Duvessa
  5384 | D:7      | Killed Dowan
  5395 | D:7      | Killed Prince Ribbit
  5491 | D:7      | Reached skill level 11 in Axes
  5495 | D:7      | Reached *** piety under Okawaru
  5647 | D:7      | Noticed Maggie
  5656 | D:7      | Killed Maggie
  5761 | D:7      | Reached skill level 5 in Throwing
  5817 | D:7      | Reached skill level 12 in Axes
  5844 | D:7      | Reached **** piety under Okawaru
  5845 | D:7      | Reached skill level 10 in Fighting
  5848 | D:7      | Reached XP level 10. HP: 93/93 MP: 12/12
  6172 | D:8      | Noticed Joseph
  6173 | D:8      | Received a gift from Okawaru
  6195 | D:8      | Killed Joseph
  6195 | D:8      | Reached ***** piety under Okawaru
  6196 | D:8      | Reached skill level 13 in Axes
  6374 | D:8      | Found a runed translucent door.
  6374 | D:8      | Found a runed translucent gate.
  6374 | D:8      | Found a runed translucent gate.
  6381 | D:8      | Found the +9 staff of Olgreb {rPois∞}
  6388 | D:8      | Found a runed translucent door.
  6418 | D:8      | Found a runed translucent gate.
  6797 | D:8      | Reached skill level 5 in Invocations
  6836 | D:8      | Reached skill level 14 in Axes
  7022 | D:9      | Found an ancient bone altar of Kikubaaqudgha.
  7316 | D:9      | Identified the +1 pair of boots "Ejor" {Rampage Fly Dex-4}
                  | (Okawaru gifted it to you on level 9 of the Dungeon)
  7316 | D:9      | Received a gift from Okawaru
  7317 | D:9      | Reached XP level 11. HP: 88/102 MP: 14/14
  7440 | D:9      | Found a staircase to the Orcish Mines.
  7702 | D:9      | Found a stormy altar of Qazlal.
  7713 | D:9      | Noticed Grum
  7723 | D:9      | Killed Grum
  7728 | D:9      | Reached skill level 15 in Axes
  7789 | D:9      | Found a burning altar of Makhleb.
  7791 | D:9      | Found a glowing silver altar of Zin.
  7791 | D:9      | Noticed an angel
  7792 | D:9      | Noticed an Executioner
  7999 | D:9      | Noticed Erolcha
  8005 | D:9      | Killed Erolcha
  8054 | D:10     | Entered Level 10 of the Dungeon
  8240 | D:10     | Noticed a two-headed ogre
  8248 | D:10     | Killed a two-headed ogre
  8556 | D:10     | Found a bloodstained altar of Trog.
  8567 | D:10     | Noticed a wizard
  8571 | D:10     | Killed a wizard
  8793 | D:11     | Noticed a boulder beetle
  8803 | D:11     | Killed a boulder beetle
  8804 | D:11     | Reached skill level 16 in Axes
  8837 | D:11     | Found a staircase to the Lair.
  8879 | D:11     | Reached ****** piety under Okawaru
  9153 | D:11     | Identified the +4 executioner's axe "Kan Cateurr" {vamp,
                  | Fragile rElec Str+2 Int+5} (Okawaru gifted it to you on
                  | level 11 of the Dungeon)
  9153 | D:11     | Received a gift from Okawaru
  9423 | D:11     | Found an opulent altar of Gozag.
  9639 | Lair:1   | Entered Level 1 of the Lair of Beasts
  9781 | Lair:1   | Reached XP level 12. HP: 105/115 MP: 14/16
 10002 | Lair:1   | Found a transporter.
 10112 | Lair:1   | Found a transporter.
 10136 | Lair:1   | Reached skill level 10 in Armour
 10136 | Lair:1   | Reached skill level 10 in Shields
 10682 | Lair:2   | Received a gift from Okawaru
 10694 | Lair:2   | Received a gift from Okawaru
 10946 | Lair:2   | Found an iron altar of Okawaru.
 10990 | Lair:2   | Noticed a boulder beetle
 11000 | Lair:2   | Killed a boulder beetle
 11029 | Lair:2   | Found a dark tunnel.
 11038 | Volcano  | Entered a volcano
 11124 | Volcano  | Noticed a two-headed ogre
 11125 | Volcano  | Noticed a two-headed ogre
 11125 | Volcano  | Noticed a two-headed ogre
 11128 | Volcano  | Found a burning altar of Makhleb.
 11133 | Volcano  | Killed a two-headed ogre
 11133 | Volcano  | Killed a two-headed ogre
 11134 | Volcano  | Killed a two-headed ogre
 11134 | Volcano  | Received a gift from Okawaru
 11135 | Volcano  | Reached skill level 17 in Axes
 11388 | Volcano  | Noticed an ogre mage
 11403 | Volcano  | Killed an ogre mage
 11450 | Volcano  | Identified the +1 pair of gloves of Echiruw {rElec rN+}
 11852 | Lair:1   | HP: 4/118 [something (11)]
 11852 | Lair:1   | Slain by a fire crab

Illustrated notes

Levels and vault maps discovered:
D:1:      minmay_arrival_glassed_features, layout_basic,
          hellmonk_ecumenical_altar_heavens_door, serial_shops, shop, shop,
          shop, shop, nicolae_shop_trees
D:2:      layout_loops_corners, serial_shops, shop
D:3:      layout_loops_ring, vehumet_altar_wand_db, serial_shops, shop_fountains
D:4:      cheibrodos_thug_alley, layout_rooms, mainiacjoe_overflow_paths,
          lemuel_coloured_pillars_altar, minmay_temple_entry_crystal_x,
          uniq_pikel
D:5:      layout_basic, kennysheep_orc_sif_temple, cheibriados_altar_1,
          serial_shops, nicolae_shop_window_shopping
D:6:      layout_basic, mainiacjoe_overflow_alcove_2, grunt_ministairs_13,
          uniq_eustachio, uniq_menkaure
D:7:      layout_basic, hangedman_decor_clover_reticule,
          minmay_gold_behind_fungi, minmay_between, uniq_maggie,
          uniq_prince_ribbit1, uniq_duvessa
D:8:      layout_rooms, minmay_guarded_unrand_staff_of_olgreb, uniq_joseph
D:9:      layout_basic, grunt_temple_overflow_order_and_chaos_2,
          kennysheep_mini_moat, nicolae_kikubaaqudgha_miasma_corner, erik_orc_1,
          uniq_erolcha, uniq_grum
D:10:     layout_roguey, trog_wizard, serial_glass, glass_columns_c,
          glass_columns_a
D:11:     layout_roguey, erik_lair_island, grunt_gozag_statues
Temple:   bh_familiar_temple
Lair:1:   gammafunk_cloud_chamber, layout_small_grid
Lair:2:   layout_cave_pods, minmay_swamp_entry_worms, basic_altar,
          nicolae_volcano_entry_s_turn, patterned_corridor, grunt_megastairs_5

Skill      XL: |  1  2  3  4  5  6  7  8  9 10 11 12 |
---------------+-------------------------------------+-----
Axes           | 3 4 6 7 9 12 14 16 17 | 17.4
Fighting       | 4 5 6 7 8 10 11 13 14 | 14.4
Armour         | 4 5 6 7 8 9 10 | 10.8
Shields        | 4 5 6 7 8 9 10 | 10.7
Throwing       | 1 2 3 4 5 6 7 8 |  8.2
Invocations    | 1 2 4 5 6 7 |  7.6

Action                     |  1- 3 |  4- 6 |  7- 9 | 10-12 || total
---------------------------+-------+-------+-------+-------++-------
  Melee: War axe           |    89 |    50 |    14 |       ||   153
         Headbutt          |    17 |     4 |    29 |    71 ||   121
         Hand axe          |       |       |   139 |   313 ||   452
         Broad axe         |       |       |       |    46 ||    46
  Throw: Boomerang         |     3 |    12 |       |    17 ||    32
         Dart              |     3 |       |       |       ||     3
 Invoke: Heroism           |       |       |     1 |     3 ||     4
         Finesse           |       |       |       |     2 ||     2
    Use: Scroll            |     4 |    11 |     5 |    16 ||    36
         Potion            |       |       |       |     1 ||     1
 Armour: Scale mail        |    44 |    19 |    29 |       ||    92
         Crystal plate arm |       |       |    46 |   206 ||   252
         Chain mail        |       |       |       |    47 ||    47
  Dodge: Dodged            |    55 |    18 |    40 |    53 ||   166
  Block: Buckler           |    21 |    15 |    37 |       ||    73
         Kite shield       |       |       |     5 |   187 ||   192

Table legend: (Time is in decaauts)
 A = Elapsed time spent in this place.
 B = Non-inter-level travel time spent in this place.
 C = Inter-level travel time spent in this place.
 D = Time resting spent in this place.
 E = Time spent auto-exploring this place.
 F = Levels seen in this place.
 G = Mean time per level.
                   A        B        C        D        E       F      G
               +--------+--------+--------+--------+--------+-----+--------+
         Total |  11811 |  11351 |    460 |    224 |   8052 |  15 |  787.4 |
       Dungeon |   9449 |   9105 |    344 |    207 |   6552 |  11 |  859.0 |
        Temple |    173 |    129 |     44 |      0 |    121 |   1 |  173.0 |
          Lair |   1517 |   1445 |     72 |      0 |   1013 |   2 |  758.5 |
       Volcano |    670 |    670 |      0 |     17 |    366 |   1 |  670.0 |
               +--------+--------+--------+--------+--------+-----+--------+

Top non-repeatable levels by time:
     D:6: 1438 daAuts
  Lair:1: 1088 daAuts
     D:9: 1059 daAuts
     D:2: 911 daAuts
    D:11: 868 daAuts
     D:7: 809 daAuts
     D:8: 790 daAuts
     D:4: 786 daAuts
     D:1: 708 daAuts
     D:3: 707 daAuts
    D:10: 690 daAuts
     D:5: 679 daAuts
 Volcano: 670 daAuts
  Lair:2: 428 daAuts
  Temple: 173 daAuts
